TOP OF THE 1ST |
Scranton WB RailRiders batting - Pitching for Tacoma Rainiers : RHP Josh Newell
|
Pitching: RHP Josh Newell
|
|
Batting: RHB Andy Wasierski
|
0-0: Called Strike 0-1: Foul Ball, location: 2F 0-2: Ball 1-2: Foul Ball, location: 2F 1-2: Ball 2-2: Ball 3-2: Ground out U3 (Groundball, 34S, EV 80.6 MPH)
|
Batting: LHB Aaron Joyner
|
0-0: Called Strike 0-1: Ball 1-1: SINGLE (Line Drive, 6D, EV 101.2 MPH)
|
Batting: SHB Victor Ruiz
|
0-0: Ball 1-0: Ball 2-0: Foul Ball, location: 2F 2-1: Ball 3-1: Fly out, F8 (Flyball, 78M, EV 78.8 MPH)
|
Batting: RHB Devon Utley
|
0-0: Called Strike 0-1: Called Strike Aaron Joyner steals 2nd base 0-2: Fly out, F9 (Line Drive, 9, EV 86.9 MPH)
|
Top of the 1st over - 0 runs, 1 hit, 0 errors, 1 left on base; Scranton WB 0 - Tacoma 0 |
BOTTOM OF THE 1ST |
Tacoma Rainiers batting - Pitching for Scranton WB RailRiders : LHP Omar Quinones
|
Pitching: LHP Omar Quinones
|
|
Batting: SHB Isaiah Cherry
|
0-0: Called Strike 0-1: Swinging Strike 0-2: Ball 1-2: Ball 2-2: Foul Ball, location: 2F 2-2: Ball 3-2: Strikes out swinging
|
Batting: LHB Jawad Fahad
|
0-0: Ball 1-0: SINGLE (Groundball, 4S, EV 66.2 MPH) (infield hit)
|
Batting: RHB Zach Downs
|
0-0: Ball 1-0: Foul Ball, location: 2F 1-1: Ball 2-1: Foul Ball, location: 2F 2-2: DOUBLE (Line Drive, 9LS, EV 95.0 MPH) Jawad Fahad to third
|
Batting: RHB Marco Diaz
|
0-0: Called Strike 0-1: Called Strike 0-2: Ball 1-2: Foul Ball, location: 2F 1-2: Foul Ball, location: 2F 1-2: Strikes out swinging
|
Batting: RHB Hideo Okimura
|
0-0: Ball 1-0: Foul Ball, location: 2F 1-1: Ball 2-1: Ball 3-1: SINGLE (Groundball, 6S, EV 63.1 MPH) (infield hit) Jawad Fahad scores Zach Downs to third
|
Batting: RHB Max Schellekens
|
0-0: Called Strike 0-1: Foul Ball, location: 2F 0-2: Strikes out swinging
|
Bottom of the 1st over - 1 run, 3 hits, 0 errors, 2 left on base; Scranton WB 0 - Tacoma 1 |
TOP OF THE 2ND |
Scranton WB RailRiders batting - Pitching for Tacoma Rainiers : RHP Josh Newell
|
Batting: SHB Ryan Buchbinder
|
0-0: Called Strike 0-1: Ground out U3 (Groundball, 3, EV 93.1 MPH)
|
Batting: SHB Jose Vargas
|
0-0: Ground out 4-3 (Groundball, 34, EV 78.1 MPH)
|
Batting: RHB Alfredo Rodriguez
|
0-0: Ball 1-0: Foul Ball, location: 2F 1-1: Ground out 6-3 (Groundball, 6, EV 100.6 MPH)
|
Top of the 2nd over - 0 runs, 0 hits, 0 errors, 0 left on base; Scranton WB 0 - Tacoma 1 |
BOTTOM OF THE 2ND |
Tacoma Rainiers batting - Pitching for Scranton WB RailRiders : LHP Omar Quinones
|
Batting: RHB Lamberto Amicis
|
0-0: Swinging Strike 0-1: Ball 1-1: Ball 2-1: SINGLE (Line Drive, 9S, EV 105.0 MPH)
|
Batting: LHB Josh Pittman
|
0-0: Fly out, F8 (Line Drive, 8LD, EV 102.5 MPH)
|
Batting: RHB Josh Carpenter
|
0-0: Ball 1-0: Ball 2-0: Fly out, F8 (Flyball, 8LD, EV 104.4 MPH)
|
Batting: SHB Isaiah Cherry
|
0-0: Ball 1-0: Ball Lamberto Amicis steals 2nd base 2-0: Foul Ball, location: 2F 2-1: Swinging Strike 2-2: SINGLE (Groundball, 13S, EV 73.1 MPH) (infield hit) Lamberto Amicis to third
|
Batting: LHB Jawad Fahad
|
0-0: Called Strike 0-1: Called Strike 0-2: Ball 1-2: Fielders Choice at 2nd, 6-4 (Groundball, 6, EV 104.4 MPH)
|
Bottom of the 2nd over - 0 runs, 2 hits, 0 errors, 2 left on base; Scranton WB 0 - Tacoma 1 |
TOP OF THE 3RD |
Scranton WB RailRiders batting - Pitching for Tacoma Rainiers : RHP Josh Newell
|
Batting: SHB Joe Fure
|
0-0: Called Strike 0-1: Foul Ball, location: 2F 0-2: Strikes out looking
|
Batting: RHB Josh Zoglmann
|
0-0: Swinging Strike 0-1: Called Strike 0-2: Fly out, F7 (Line Drive, 7S, EV 90.6 MPH)
|
Batting: RHB Andy Wasierski
|
0-0: Ball 1-0: Called Strike 1-1: SINGLE (Groundball, 34S, EV 64.4 MPH) (infield hit)
|
Batting: LHB Aaron Joyner
|
0-0: Called Strike 0-1: Ball 1-1: Foul Ball, location: 2F 1-2: Strikes out looking
|
Top of the 3rd over - 0 runs, 1 hit, 0 errors, 1 left on base; Scranton WB 0 - Tacoma 1 |
BOTTOM OF THE 3RD |
Tacoma Rainiers batting - Pitching for Scranton WB RailRiders : LHP Omar Quinones
|
Batting: RHB Zach Downs
|
0-0: Ground out 5-3 (Groundball, 5S, EV 66.2 MPH)
|
Batting: RHB Marco Diaz
|
0-0: Called Strike 0-1: Ball 1-1: Ball 2-1: Ground out 6-3 (Groundball, 6MD, EV 90.6 MPH)
|
Batting: RHB Hideo Okimura
|
0-0: SINGLE (Groundball, 56D, EV 106.9 MPH)
|
Batting: RHB Max Schellekens
|
0-0: Ball 1-0: Fly out, F8 (Flyball, 8RS, EV 93.8 MPH)
|
Bottom of the 3rd over - 0 runs, 1 hit, 0 errors, 1 left on base; Scranton WB 0 - Tacoma 1 |
TOP OF THE 4TH |
Scranton WB RailRiders batting - Pitching for Tacoma Rainiers : RHP Josh Newell
|
Batting: SHB Victor Ruiz
|
0-0: SINGLE (Line Drive, 6D, EV 96.9 MPH)
|
Batting: RHB Devon Utley
|
0-0: Swinging Strike 0-1: Ball 1-1: Ball 2-1: Foul Ball, location: 2F 2-2: Grounds into double play, 5-4-3 (Groundball, 56, EV 95.0 MPH)
|
Batting: SHB Ryan Buchbinder
|
0-0: Foul Ball, location: 2F 0-1: Ball 1-1: Ball 2-1: Ball 3-1: Ground out 4-3 (Groundball, 4, EV 90.0 MPH)
|
Top of the 4th over - 0 runs, 1 hit, 0 errors, 0 left on base; Scranton WB 0 - Tacoma 1 |
BOTTOM OF THE 4TH |
Tacoma Rainiers batting - Pitching for Scranton WB RailRiders : LHP Omar Quinones
|
Batting: RHB Lamberto Amicis
|
0-0: Ball 1-0: Ball 2-0: Foul Ball, location: 2F 2-1: SINGLE (Line Drive, 56D, EV 103.8 MPH)
|
Batting: LHB Josh Pittman
|
0-0: Fielders Choice at 2nd, 6-4 (Groundball, 6, EV 81.9 MPH)
|
Batting: RHB Josh Carpenter
|
0-0: Grounds into double play, 5-4-3 (Groundball, 5, EV 83.1 MPH)
|
Bottom of the 4th over - 0 runs, 1 hit, 0 errors, 0 left on base; Scranton WB 0 - Tacoma 1 |
TOP OF THE 5TH |
Scranton WB RailRiders batting - Pitching for Tacoma Rainiers : RHP Josh Newell
|
Batting: SHB Jose Vargas
|
0-0: Swinging Strike 0-1: DOUBLE (Line Drive, 7LM, EV 105.6 MPH)
|
Batting: RHB Alfredo Rodriguez
|
0-0: Called Strike 0-1: Ball 1-1: Ball 2-1: Swinging Strike 2-2: Strikes out swinging
|
Batting: SHB Joe Fure
|
0-0: SINGLE (Groundball, 6D, EV 100.6 MPH) Jose Vargas to third Runner from 3rd tries for Home, SAFE, throw by CF to home
|
Batting: RHB Josh Zoglmann
|
0-0: Ball 1-0: Ball 2-0: Foul Ball, location: 2F 2-1: Reached on error, E6 (Groundball, 6M, EV 88.1 MPH) Joe Fure to second
|
Batting: RHB Andy Wasierski
|
0-0: SINGLE (Line Drive, 78S, EV 99.4 MPH) Joe Fure to third Josh Zoglmann to second
|
Batting: LHB Aaron Joyner
|
0-0: Ball 1-0: Called Strike 1-1: Foul Ball, location: 2F 1-2: Grounds into double play, 4-6-3 (Groundball, 34D, EV 81.2 MPH)
|
Top of the 5th over - 1 run, 3 hits, 1 error, 2 left on base; Scranton WB 1 - Tacoma 1 |
BOTTOM OF THE 5TH |
Tacoma Rainiers batting - Pitching for Scranton WB RailRiders : LHP Omar Quinones
|
Batting: SHB Isaiah Cherry
|
0-0: Called Strike 0-1: Ball 1-1: Ball 2-1: Foul Ball, location: 2F 2-2: Ball 3-2: Ground out 6-3 (Groundball, 6, EV 81.2 MPH)
|
Batting: LHB Jawad Fahad
|
0-0: Ball 1-0: Ground out 6-3 (Groundball, 6M, EV 81.2 MPH)
|
Pitching: RHP Joe Kimbrough
|
|
Batting: RHB Zach Downs
|
0-0: Called Strike 0-1: Ball 1-1: Ball 2-1: SINGLE (Groundball, 56D, EV 106.2 MPH)
|
Batting: RHB Marco Diaz
|
0-0: Swinging Strike 0-1: Ball 1-1: Foul Ball, location: 2F 1-2: Ball 2-2: Ball 3-2: Base on Balls Zach Downs to second
|
Batting: RHB Hideo Okimura
|
0-0: Called Strike 0-1: Called Strike 0-2: Ball 1-2: Ball 2-2: Strikes out looking
|
Bottom of the 5th over - 0 runs, 1 hit, 0 errors, 2 left on base; Scranton WB 1 - Tacoma 1 |
TOP OF THE 6TH |
Scranton WB RailRiders batting - Pitching for Tacoma Rainiers : RHP Josh Newell
|
Batting: SHB Victor Ruiz
|
0-0: Ball 1-0: Called Strike 1-1: Foul Ball, location: 2F 1-2: SINGLE (Groundball, 56, EV 98.1 MPH)
|
Batting: RHB Devon Utley
|
0-0: Ball 1-0: Ball 2-0: Ball 3-0: Fly out, F8 (Flyball, 8LS, EV 88.8 MPH)
|
Batting: SHB Ryan Buchbinder
|
0-0: Ball 1-0: Ball 2-0: Foul Ball, location: 2F 2-1: Foul Ball, location: 2F 2-2: Fielders Choice at 2nd, 4-6 (Groundball, 13, EV 78.8 MPH)
|
Batting: SHB Jose Vargas
|
0-0: Ground out 4-3 (Groundball, 4, EV 81.2 MPH)
|
Top of the 6th over - 0 runs, 1 hit, 0 errors, 1 left on base; Scranton WB 1 - Tacoma 1 |
BOTTOM OF THE 6TH |
Tacoma Rainiers batting - Pitching for Scranton WB RailRiders : RHP Joe Kimbrough
|
Batting: RHB Max Schellekens
|
0-0: Swinging Strike 0-1: Ball 1-1: SINGLE (Line Drive, 78S, EV 100.6 MPH)
|
Batting: RHB Lamberto Amicis
|
0-0: Ball 1-0: Foul Ball, location: 2F 1-1: Ball 2-1: Foul Ball, location: 2F 2-2: Foul Ball, location: 2F 2-2: Fielders Choice at 2nd, 6-4 (Groundball, 56, EV 98.1 MPH)
|
Batting: LHB Josh Pittman
|
0-0: Ball Lamberto Amicis steals 2nd base 1-0: Ball 2-0: Swinging Strike 2-1: Ground out 6-3 (Groundball, 6, EV 86.2 MPH) Lamberto Amicis to third
|
Batting: RHB Josh Carpenter
|
0-0: Called Strike 0-1: Ball 1-1: Swinging Strike 1-2: Ball 2-2: Ball 3-2: Ground out 6-3 (Groundball, 56, EV 101.9 MPH)
|
Bottom of the 6th over - 0 runs, 1 hit, 0 errors, 1 left on base; Scranton WB 1 - Tacoma 1 |
TOP OF THE 7TH |
Scranton WB RailRiders batting - Pitching for Tacoma Rainiers : RHP Josh Newell
|
Batting: RHB Alfredo Rodriguez
|
0-0: Swinging Strike 0-1: Foul Ball, location: 2F 0-2: Foul Ball, location: 2F 0-2: Fly out, F7 (Flyball, 78M, EV 87.5 MPH)
|
Batting: SHB Joe Fure
|
0-0: Ball 1-0: Fly out, F6 (Popup, 6, EV 61.9 MPH)
|
Batting: RHB Josh Zoglmann
|
0-0: Ball 1-0: Ball 2-0: Swinging Strike 2-1: Ground out 6-3 (Groundball, 6, EV 102.5 MPH)
|
Top of the 7th over - 0 runs, 0 hits, 0 errors, 0 left on base; Scranton WB 1 - Tacoma 1 |
BOTTOM OF THE 7TH |
Tacoma Rainiers batting - Pitching for Scranton WB RailRiders : RHP Joe Kimbrough
|
Pitching: LHP Jay Turpin
|
|
Batting: SHB Isaiah Cherry
|
0-0: Called Strike 0-1: Ball 1-1: Swinging Strike 1-2: Strikes out swinging
|
Batting: LHB Jawad Fahad
|
0-0: Foul Ball, location: 2F 0-1: Ball 1-1: Foul Ball, location: 2F 1-2: Foul Ball, location: 2F 1-2: Ball 2-2: Ball 3-2: Foul Ball, location: 2F 3-2: Strikes out swinging
|
Batting: RHB Zach Downs
|
0-0: Swinging Strike 0-1: Called Strike 0-2: Ball 1-2: Foul Ball, location: 2F 1-2: Ball 2-2: Strikes out swinging
|
Bottom of the 7th over - 0 runs, 0 hits, 0 errors, 0 left on base; Scranton WB 1 - Tacoma 1 |
TOP OF THE 8TH |
Scranton WB RailRiders batting - Pitching for Tacoma Rainiers : RHP Josh Newell
|
Batting: RHB Andy Wasierski
|
0-0: Called Strike 0-1: Ball 1-1: Called Strike 1-2: Foul Ball, location: 2F 1-2: Ground out 5-3 (Groundball, 5S, EV 90.0 MPH)
|
Batting: LHB Aaron Joyner
|
0-0: Swinging Strike 0-1: DOUBLE (Flyball, 8RXD, EV 98.1 MPH)
|
Batting: SHB Victor Ruiz
|
0-0: Ball 1-0: Ball 2-0: Foul Ball, location: 2F 2-1: Swinging Strike 2-2: Ground out 1-3 (Groundball, 34S, EV 71.9 MPH) Aaron Joyner to third
|
Pitching: RHP David Lane
|
|
Batting: RHB Devon Utley
|
0-0: Ground out 6-3 (Groundball, 6, EV 106.9 MPH)
|
Top of the 8th over - 0 runs, 1 hit, 0 errors, 1 left on base; Scranton WB 1 - Tacoma 1 |
BOTTOM OF THE 8TH |
Tacoma Rainiers batting - Pitching for Scranton WB RailRiders : LHP Jay Turpin
|
Batting: RHB Marco Diaz
|
0-0: Ball 1-0: Called Strike 1-1: Ground out 6-3 (Groundball, 6, EV 94.4 MPH)
|
Batting: RHB Hideo Okimura
|
0-0: Swinging Strike 0-1: Ball 1-1: Ball 2-1: SINGLE (Line Drive, 34, EV 103.8 MPH)
|
Batting: RHB Max Schellekens
|
0-0: SINGLE (Line Drive, 9S, EV 95.6 MPH) Hideo Okimura to second
|
Pinch Runner at 2nd Steve Martin:
|
|
Batting: RHB Lamberto Amicis
|
0-0: Ball 1-0: Ball 2-0: Bunted foul 2-1: Sac Bunt to 15S - play at first, batter OUT! 1-4 Steve Martin to third Max Schellekens to second
|
Pinch Hitting: RHB Adan Lake
|
0-0: Swinging Strike 0-1: Swinging Strike 0-2: Ball 1-2: SINGLE (Groundball, 56D, EV 100.6 MPH) Steve Martin scores Max Schellekens to third Runner from 3rd tries for Home, SAFE, throw by LF to home
|
Batting: RHB Josh Carpenter
|
0-0: Ground out 6-3 (Groundball, 6S, EV 68.8 MPH)
|
Bottom of the 8th over - 2 runs, 3 hits, 0 errors, 1 left on base; Scranton WB 1 - Tacoma 3 |
TOP OF THE 9TH |
Scranton WB RailRiders batting - Pitching for Tacoma Rainiers : RHP David Lane
|
Pitching: LHP Chad Dominey
|
|
Now in LF: Perry Renouf
|
|
Now in RF: James Bickel
|
|
Batting: SHB Ryan Buchbinder
|
0-0: Ball 1-0: SINGLE (Line Drive, 78M, EV 90.0 MPH)
|
Pinch Hitting: RHB Jerry Castro
|
0-0: Ball 1-0: Ball 2-0: Foul Ball, location: 2F 2-1: Ball 3-1: Called Strike 3-2: Foul Ball, location: 2F 3-2: Foul Ball, location: 2F 3-2: Foul Ball, location: 2F 3-2: Foul Ball, location: 2F 3-2: Strikes out swinging
|
Batting: RHB Alfredo Rodriguez
|
0-0: Ball 1-0: Called Strike 1-1: Swinging Strike 1-2: Ball 2-2: Ball 3-2: Strikes out swinging Ryan Buchbinder is caught stealing 2nd base 2-4 Batter strikes out.
|
Top of the 9th over - 0 runs, 1 hit, 0 errors, 0 left on base; Scranton WB 1 - Tacoma 3 |
|